Map: 汇龙岛 - 天梯版

Players

lllllllllll

  • Race: Zerg Zerg
  • League: Grandmaster
  • Spawn Location: 5:00

ToumaKazusa - Winner!

  • Race: Protoss Protoss
  • League: Master
  • Spawn Location: 11:00

VOD

Have the link to the VOD?

Description

Has' Soul Train.
Has is my hero!!!!!

Time

  • Played on: April 23, 2018, 4:34 a.m.
  • Length: 7:39
Show
View Real Time Build Order
Export as new Build Order

lllllllllll Zerg 

Build Orders: Hatch First 

Get SALT Encoding   

  12  0:00  Drone  
  13  0:12  Overlord  
  13  0:17  Drone  
  14  0:30  Drone x2  
  14  0:34  Drone  
  17  0:51  Hatchery  
  17  0:54  Drone  
  17  0:57  Drone  
  18  1:07  Extractor  
  17  1:12  Spawning Pool  
  17  1:15  Drone  
  18  1:18  Drone  
  18  1:28  Drone  
  19  1:38  Overlord  
  19  1:49  Drone  
  20  1:59  Queen  
  20  2:00  Zergling x2  
  23  2:03  Queen  
  23  2:04  Drone  
  26  2:11  Metabolic Boost  
  26  2:12  Drone  
  27  2:16  Drone  
  27  2:22  Drone  
  29  2:25  Drone  
  30  2:34  Drone  
  31  2:37  Drone  
  32  2:45  Overlord  
  32  2:46  Hatchery  
  32  2:50  Queen  
  33  2:54  Overlord  
  33  3:04  Drone x3  
  36  3:11  Overlord  
  36  3:13  Drone x2  
  36  3:14  Drone x2  
  36  3:18  Drone x2  
  42  3:21  Drone  
  42  3:24  Drone  
  44  3:30  Drone, Roach Warren  
  44  3:33  Drone  
  45  3:39  Extractor  
  45  3:40  Extractor  
  42  3:42  Drone x3  
  42  3:44  Queen  
  42  3:48  Drone  
  48  3:50  Overlord  
  48  4:03  Drone  
  48  4:04  Overlord x2, Queen  
  51  4:10  Roach x2  
  51  4:11  Roach  
  57  4:18  Roach x2  
  57  4:19  Overlord  
  61  4:34  Roach x4  
  61  4:35  Overlord  
  69  4:40  Ravager x3  
  69  4:41  Roach  
  69  4:42  Roach  
  76  4:49  Ravager  
  76  4:51  Zergling x4  
  76  4:52  Zergling x4  
  81  4:53  Drone  
  81  4:55  Drone  
  81  4:58  Zergling x6  
  86  5:04  Zergling x8  
  86  5:07  Ravager  
  91  5:08  Zergling x2  
  92  5:17  Roach x2  
  96  5:22  Overlord x2, Zergling x2  
  96  5:27  Overlord x2  
  97  5:31  Overlord  
  97  5:37  Overlord  
  97  5:40  Zergling x2  
  97  5:41  Overlord, Zergling x6  
  101  5:44  Ravager x3  
  101  5:46  Zergling x4  
  106  5:51  Zergling x2  
  106  5:52  Zergling x2  
  106  5:54  Zergling x4  
  106  5:55  Zergling x2  
  111  6:09  Overlord  
  101  6:13  Zergling x6  
  101  6:17  Overlord  
  89  6:19  Roach x2, Zergling x6  
  89  6:24  Roach, Zergling x2  
  90  6:27  Zergling x2  
  73  6:33  Roach  
  73  6:34  Roach  
  71  6:43  Roach x3  
  74  6:52  Roach  
  70  6:56  Roach x2  
  73  7:02  Roach x2  
  73  7:03  Roach x2  
  73  7:05  Ravager x4  
  73  7:06  Zergling x4  
  89  7:16  Zergling x6  
  89  7:17  Zergling x2  
  89  7:18  Zergling x2  
Show
View Real Time Build Order
Export as new Build Order

ToumaKazusa Protoss - Winner!

Build Orders: 1 Gate Expand 

Get SALT Encoding   

  12  0:00  Probe  
  13  0:13  Probe  
  14  0:18  Pylon  
  14  0:25  Probe  
  15  0:28  Assimilator  
  15  0:35  Probe  
  16  0:43  Probe  
  16  0:45  Gateway  
  17  0:51  Probe  
  18  1:03  Probe  
  19  1:15  Probe  
  20  1:27  Nexus  
  20  1:30  Probe  
  21  1:40  Cybernetics Core  
  21  1:47  Assimilator  
  21  1:48  Probe  
  22  1:56  Pylon  
  22  2:03  Probe  
  22  2:07  Stalker  
  23  2:12  Probe  
  23  2:18  Warp Gate  
  23  2:20  Probe  
  26  2:29  Robotics Facility  
  27  2:30  Probe  
  27  2:36  Probe  
  28  2:37  Sentry  
  28  2:43  Probe  
  32  2:44  Probe  
  33  2:54  Probe  
  33  2:55  Probe  
  35  3:04  Sentry  
  37  3:05  Immortal  
  37  3:06  Probe  
  37  3:07  Probe  
  39  3:18  Probe  
  44  3:20  Gateway  
  44  3:26  Pylon  
  44  3:31  Gateway  
  44  3:35  Immortal  
  44  3:45  Pylon  
  48  3:57  Gateway  
  48  4:02  Gateway  
  48  4:05  Immortal  
  52  4:18  Gateway x2  
  52  4:21  Sentry  
  52  4:23  Zealot  
  56  4:26  Pylon  
  56  4:31  Sentry  
  56  4:34  Warp Prism  
  60  4:47  Sentry  
  60  4:49  Zealot  
  64  4:54  Adept  
  64  4:55  Zealot  
  68  5:00  Adept  
  68  5:01  Pylon  
  68  5:04  Pylon  
  70  5:11  Pylon  
  70  5:28  Adept  
  70  5:29  Adept x5  
  70  5:30  Adept  
  84  5:49  Pylon  
  84  5:51  Adept x4  
  84  5:53  Zealot  
  86  6:17  Warp Prism  
  78  6:20  Zealot x7  
  72  6:42  Adept x4  
  74  6:52  Adept x2  
  68  7:24  Adept x7  
Tags
 
Add a new tag
Caveats
  • Supply blocks, unpowered buildings, or Contaminate may cause inaccurate times.
  • Supply counts are checked every 10 seconds.